 Dungeon Crawl Stone Soup version 0.29.1-15-g9cfb28693d (webtiles) character file.

Game seed: 4032620524862566739

86 hawla the Firebug (level 5, -1/39 HPs)
             Began as a Meteoran Fire Elementalist on Apr 25, 2023.
             Slain by a river rat (8 damage)
             ... in a sewer.
             The game lasted 00:02:40 (261 turns).

hawla the Firebug (Meteoran Fire Elementalist)       Turns: 261, Time: 00:02:41

Health: -1/39      AC:  2    Str: 10    XL:     5   Next: 6%
Magic:  6/11       EV: 12    Int: 18    God:
Gold:   59         SH:  0    Dex: 14    Spells: 4/11 levels left

rFire   . . .      SeeInvis .   (no weapon)
rCold   . . .      Faith    .   (no shield)
rNeg    . . .      Spirit   .   a - +0 robe
rPois   .          Reflect  .   (no helmet)
rElec   .          Harm     .   (no cloak)
rCorr   .          Rampage  .   (no gloves)
Will    .....                   (no boots)
Stlth   +.........              (no amulet)
HPRegen 0.13/turn               (no ring)
MPRegen 0.12/turn               (no ring)

@: glowing, very slow
A: sense surroundings 1, otherworldly, glowing, explore regen
a: no special abilities


You were in a sewer.
You visited 1 branch of the dungeon, and saw 3 of its levels.
You also visited: Sewer.

You collected 59 gold pieces.

Inventory:

Armour
 a - a +0 robe (worn)
Potions
 b - a potion of flight {unknown}
 c - a potion of lignification {unknown}
 d - a potion of curing


   Skills:
 - Level 0.3 Fighting
 - Level 2.7 Dodging
 - Level 1.4 Stealth
 - Level 3.6 Spellcasting
 + Level 2.4 Conjurations
 - Level 4.9 Fire Magic


You had 4 spell levels left.
You knew the following spells:

 Your Spells              Type           Power      Damage    Failure   Level
a - Foxfire               Conj/Fire      64%        2x1d7     3%          1
b - Scorch                Fire           42%        2d7       3%          2
c - Flame Wave            Conj/Fire      16%        2d7       32%         4

Your spell library contained the following spells:

 Spells                   Type           Power      Damage    Failure   Level
 Magic Dart               Conj           48%        1d5       5%          1
 Searing Ray              Conj           24%        2d5       9%          2
 Conjure Flame            Conj/Fire      16%        6-21      10%         3
 Inner Flame              Hex/Fire       12%        N/A       17%         3
 Fulminant Prism          Conj/Hex       3%         3d6       67%         4


Dungeon Overview and Level Annotations

Branches:
Dungeon (3/15) Zot: 1563    Sewer (1/1) Zot: 569

Altars:

Shops:
D:1 [


Innate Abilities, Weirdness & Mutations

You passively map a small area around you.
You are easily found by Zot.
You glow in the dark.
You regain HP and MP as you explore.


Message History

Unknown command.
Casting: Scorch (safe; 3% risk of failure)
Confirm with . or Enter, or press ? or * to list all spells.
Flames lash the river rat but do no damage.
The river rat barely misses you. The river rat bites you.
Unknown command.
You hit the river rat but do no damage.
The river rat is almost dead.
The river rat is no longer more vulnerable to fire.
The river rat bites you. x2
You hit the river rat but do no damage.
The river rat is almost dead.
The river rat bites you! The river rat closely misses you.
You closely miss the river rat.
The river rat is almost dead.
The river rat bites you but does no damage.
The river rat barely misses you.
You barely miss the river rat.
The river rat is almost dead.
The river rat bites you but does no damage.
The river rat misses you.
You hit the river rat.
You kill the river rat!
The river rat bites you but does no damage.
You have reached level 5!
The river rat attacks as you move away!
The river rat bites you but does no damage.
You see here a river rat corpse.
The river rat attacks as you move away! The river rat bites you.
You enter the shallow water.
Moving in this stuff is going to be slow.
The river rat twitches its whiskers.
The river rat closely misses you. The river rat attacks as you move away!
The river rat barely misses you. The river rat bites you.
The river rat bites you. The river rat attacks as you move away!
The river rat bites you.
* * * LOW HITPOINT WARNING * * *
The river rat bites you!
You die...

#~#
#~#
#~#
#~#
#~#
#~#
#~#
#@#
#r#
#~#
#~#
#~#
#~#
#~#
#~#
#.#


You could see a river rat.

Vanquished Creatures
  Natasha (D:3)
  5 river rats
  2 endoplasms (D:1)
  2 goblins
  A hobgoblin (D:1)
  4 ball pythons
  3 bats
  2 frilled lizards
  A kobold (D:3)
  A rat (Sewer)
22 creatures vanquished.

Vanquished Creatures (others)
  57 foxfires
57 creatures vanquished.

Grand Total: 79 creatures vanquished

Notes
Turn   | Place    | Note
-------+----------+-------------------------------------------
     0 | D:1      | hawla the Meteoran Fire Elementalist began the quest for
                  | the Orb.
     0 | D:1      | Reached XP level 1. HP: 14/14 MP: 5/5
    22 | D:1      | Found Himid's Armour Boutique.
    69 | D:1      | Reached XP level 2. HP: 20/20 MP: 7/7
   113 | D:1      | Reached skill level 4 in Fire Magic
   138 | D:3      | Learned a level 2 spell: Scorch
   144 | D:3      | Noticed Natasha
   148 | D:3      | Killed Natasha
   149 | D:3      | Reached XP level 3. HP: 26/26 MP: 2/8
   195 | D:3      | Reached XP level 4. HP: 33/33 MP: 5/10
   213 | D:3      | Found a glowing drain.
   234 | D:3      | Learned a level 4 spell: Flame Wave
   235 | Sewer    | Entered a sewer
   248 | Sewer    | Reached XP level 5. HP: 14/39 MP: 1/11
   261 | Sewer    | Slain by a river rat

Illustrated notes

Levels and vault maps discovered:
D:1:      ebering_hopf_link, layout_loops_ring,
          hellmonk_ecumenical_altar_arch_garden, serial_shops,
          nicolae_shop_crystal, grunt_decor_cap
D:2:      layout_basic, uniq_terence, uniq_jessica, uniq_robin
D:3:      layout_loops_cross, cheibrodos_sewer_entry_sluice, uniq_natasha
Sewer:    sewer_kobolds

Skill      XL: |  1  2  3  4 |
---------------+-------------+-----
Spellcasting   | 3 |  3.6
Fire Magic     | 4 |  4.9
Conjurations   | 2 |  2.4
Fighting       | |  0.3
Dodging        | |  2.7
Stealth        | |  1.4

Action                   |  1- 3 |  4- 6 || total
-------------------------+-------+-------++-------
Melee: Unarmed           |     2 |    10 ||    12
 Cast: Foxfire           |    19 |    14 ||    33
       Scorch            |     2 |     4 ||     6
  Use: Potion            |       |     2 ||     2
Armor: Robe              |     1 |     6 ||     7
Dodge: Dodged            |     6 |    12 ||    18
